 Dungeon Crawl Stone Soup version 0.29.0-13-gc9e81de378 (webtiles) character file.

Game seed: 15782277406407539875

254 howech the Poker (level 6, -1/48 HPs)
             Began as a Merfolk Gladiator on Sept 7, 2022.
             Was a Believer of Ignis.
             Slain by a gnoll
             ... wielding a +0 flail
             ... led by a gnoll bouda
              (4 damage)
             ... on level 3 of the Dungeon.
             The game lasted 00:07:20 (1522 turns).

howech the Poker (Merfolk Gladiator)                Turns: 1522, Time: 00:07:20

Health: -1/48      AC: 12    Str: 12 (14) XL:     6   Next: 14%
Magic:  6/6        EV: 14    Int:  6 (7)  God:    Ignis [**....]
Gold:   38         SH:  5    Dex: 15 (18) Spells: 5/5 levels left

rFire   + . .      SeeInvis .   a - +0 trident
rCold   . . .      Faith    .   (no shield)
rNeg    . . .      Spirit   .   b - +1 leather armour
rPois   .          Reflect  +   c - +0 helmet
rElec   .          Harm     .   (no cloak)
rCorr   .          Rampage  .   (no gloves)
Will    .....                   (no boots)
Stlth   +.........              o - amulet of reflection
HPRegen 0.16/turn               (no ring)
MPRegen 0.10/turn               (no ring)

@: brilliant, fiery-armoured, flying
A: (nimble swimmer 2), mertail
a: Renounce Religion, Fiery Armour, Foxfire Swarm, Rising Flame


You were on level 3 of the Dungeon.
You worshipped Ignis.
Ignis was pleased with you.
You visited 1 branch of the dungeon, and saw 3 of its levels.

You collected 38 gold pieces.

Inventory:

Hand Weapons
 a - a +0 trident (weapon)
Missiles
 d - 2 throwing nets (quivered)
 e - 6 javelins
 m - 4 poisoned darts
Armour
 b - a +1 leather armour (worn)
 c - a +0 helmet (worn)
Jewellery
 o - an amulet of reflection (around neck)
Scrolls
 h - a scroll of amnesia


   Skills:
 + Level 3.8 Fighting
 + Level 5.6 Polearms
 + Level 3.5 Throwing
 + Level 5.6 Dodging


You had 5 spell levels left.
You didn't know any spells.
Your spell library contained the following spells:

 Spells                   Type           Power      Damage    Failure   Level
 Summon Small Mammal      Summ           0%         N/A       54%         1
 Sublimation of Blood     Necr           0%         N/A       67%         2
 Call Canine Familiar     Summ           0%         N/A       88%         3
 Summon Guardian Golem    Hex/Summ       0%         N/A       88%         3
 Petrify                  Tmut/Erth      0%         N/A       99%         4
 Irradiate                Conj/Tmut      0%         3d11      100%        5


Dungeon Overview and Level Annotations

Branches:
Dungeon (3/15)

Altars:
Ignis


Innate Abilities, Weirdness & Mutations

((You are very nimble when in or above water. (Stealth+, EV+, Speed+++)))
Your lower body shifts to a powerful aquatic tail in water.


Message History

The gnoll is moderately wounded.
The gnoll is no longer moving quickly.
You block the gnoll's attack.
You hit the gnoll but do no damage.
The gnoll is moderately wounded.
The gnoll hits you with a +0 whip.
* * * LOW HITPOINT WARNING * * *
The gnoll is burned by your cloak of flames.
The gnoll is almost dead.
Unknown command.
You hit the gnoll but do no damage.
The gnoll is almost dead.
The gnoll barely misses you.
You puncture the gnoll!
You kill the gnoll!
You barely miss the gnoll. The gnoll hits you but does no damage.
The gnoll is burned by your cloak of flames.
The gnoll is lightly wounded.
You hit the gnoll.
The gnoll is heavily wounded.
The gnoll barely misses you.
You hit the gnoll.
The gnoll is severely wounded.
The gnoll barely misses you.
Unknown command.
You closely miss the gnoll.
The gnoll is severely wounded.
The gnoll hits you with a +0 flail.
* * * LOW HITPOINT WARNING * * *
The gnoll is burned by your cloak of flames.
The gnoll is almost dead.
Unknown command.
You barely miss the gnoll.
The gnoll is almost dead.
You block the gnoll's attack.
You aren't carrying any potions.
Unknown command.
You barely miss the gnoll.
The gnoll is almost dead.
You block the gnoll's attack. The gnoll hits you with a +0 flail.
You die...

#)#
#.#########
#.........#
#########.#
#># #.########
#.........
#..#######
#@## ###g#####
#.......#
.........PP..#
####$PP.P.P..#
...PPP...P...
###.PP....P..#
..PP.P..P.##
........P..#


You could see a gnoll.

Vanquished Creatures
  A hound (D:2)
  A gnoll bouda (D:3)
  Natasha (thrice) (D:2)
  Robin (D:2)
  5 gnolls (D:3)
  An adder (D:2)
  3 dart slugs (D:2)
  An orc (D:3)
  A bat (D:1)
  2 giant cockroaches (D:1)
  13 goblins
  9 hobgoblins
  3 jackals (D:1)
  6 kobolds
  A quokka (D:1)
  3 ball pythons
  2 frilled lizards (D:1)
  4 rats
60 creatures vanquished.

Vanquished Creatures (others)
  54 foxfires
  A plant (D:3)
55 creatures vanquished.

Grand Total: 115 creatures vanquished

Notes
Turn   | Place    | Note
-------+----------+-------------------------------------------
     0 | D:1      | howech the Merfolk Gladiator began the quest for the Orb.
     0 | D:1      | Reached XP level 1. HP: 16/16 MP: 1/1
   117 | D:1      | Reached XP level 2. HP: 23/23 MP: 2/2
   641 | D:1      | Reached XP level 3. HP: 20/28 MP: 3/3
   815 | D:1      | Found a faded altar of an unknown god.
   893 | D:1      | Prayed at the altar of an unknown god.
   893 | D:1      | Became a worshipper of Ignis, the Dying Flame
   955 | D:2      | Reached XP level 4. HP: 29/35 MP: 4/4
  1106 | D:2      | Noticed Natasha
  1118 | D:2      | Killed Natasha
  1168 | D:2      | Noticed Robin
  1173 | D:2      | Reached skill level 5 in Polearms
  1173 | D:2      | Reached skill level 5 in Dodging
  1174 | D:2      | Noticed Natasha
  1175 | D:2      | Reached XP level 5. HP: 41/41 MP: 5/5
  1175 | D:2      | Killed Robin
  1184 | D:2      | Killed Natasha
  1315 | D:2      | Noticed Natasha
  1317 | D:2      | Killed Natasha
  1503 | D:3      | Reached XP level 6. HP: 15/48 MP: 6/6
  1520 | D:3      | HP: 2/48 [gnoll/+0 flail[a gnoll bouda] (6)]
  1522 | D:3      | Slain by a gnoll

Illustrated notes

Levels and vault maps discovered:
D:1:      wander_arrival_peaceful_grave, layout_rooms,
          ebering_ecumenical_altar_abandoned
D:2:      layout_rooms, uniq_natasha, uniq_robin
D:3:      layout_basic, nicolae_eternal_life, nicolae_grassy_gnolls

Skill      XL: |  1  2  3  4 |
---------------+-------------+-----
Fighting       | 3 |  3.8
Polearms       | 5 |  5.6
Throwing       | 3 |  3.5
Dodging        | 5 |  5.6

Action                   |  1- 3 |  4- 6 || total
-------------------------+-------+-------++-------
Melee: Trident           |    93 |    67 ||   160
       Punch             |     1 |     2 ||     3
Throw: Dart              |       |     1 ||     1
       Throwing net      |       |     1 ||     1
Invok: Foxfire Swarm     |       |     5 ||     5
       Fiery Armour      |       |     2 ||     2
  Use: Scroll            |       |     5 ||     5
       Potion            |       |     4 ||     4
 Stab: Sleeping          |     2 |       ||     2
Armor: Leather armour    |    40 |     9 ||    49
Dodge: Dodged            |    82 |    36 ||   118
Block: Other             |       |    14 ||    14
       Reflection        |       |     1 ||     1
